cohdb
Replays
Latest Replays
All Replays
Popular Replays
Top Player Replays
Match Explorer
How It Works
Community
CoH3 Stats
Reddit
Sign in to upload your games and track your stats! →
Sign in with Steam
Late game tank battles WM vs US on Semois
Match 39268303
Overview
Messages
Build Orders
End
Kettenkrad Recon Vehicle
Construct Infanterie Kompanie
Grenadier Squad
Grenadier Squad
Construct Panzergrenadier Kompanie
Panzergrenadier Squad
Panzergrenadier Squad
Pioneer Squad
Medical Bunker
Construct Panzer Kompanie
Pak 40 Anti-tank Gun Team
Selects Mechanized Battlegroup
Selects Raid Package
Panzer IV Medium Tank
Panzergrenadier Squad
Selects Spotting Scopes
Selects Wespe Self-propelled Artillery
Wespe Self-propelled Artillery
Selects StuG Assault Group
Selects UNKNOWN (2160084)
Panther Heavy Tank
Pioneer Squad
Support Elements
Selects Mechanized Assault
Panther Heavy Tank
Selects Mechanized Assault
Panther Heavy Tank
MG 42 Machine Gun Team
Mechanized Assault
Panther Heavy Tank
Sturmpanzer IV Brummbär
Mechanized Assault
Wespe Self-propelled Artillery
Mechanized Assault
Panther Heavy Tank
Pioneer Squad
Mechanized Assault
Pioneer Squad
desertBeliever
SturmTigerGiap
0
0
Comments
sign in to comment!
No comments posted yet!